Map: Galactic Process LE

Players

edwin - Winner!

  • Race: Terran Terran
  • League: Gold

JPferzen

  • Race: Protoss Protoss
  • League: Gold

VOD

Have the link to the VOD?

Description

Time

  • Played on: Oct. 17, 2016, 11:06 p.m.
  • Length: 18:19
Show
View Real Time Build Order
Export as new Build Order

edwin Terran - Winner!

Build Orders:  

Get SALT Encoding   

  12  0:01  SCV  
  13  0:13  SCV  
  14  0:19  Supply Depot  
  14  0:25  SCV  
  15  0:38  Supply Depot  
  16  0:46  Barracks  
  16  0:49  SCV  
  16  1:01  SCV  
  17  1:05  Barracks  
  17  1:14  Refinery  
  17  1:21  SCV  
  18  1:33  SCV, Barracks  
  19  1:45  SCV  
  20  1:58  SCV  
  21  2:07  Barracks Tech Lab  
  21  2:18  SCV  
  22  2:25  Barracks Reactor, Marine, Command Center  
  22  2:29  Marine  
  24  2:40  Refinery  
  24  2:44  Marine  
  24  2:47  Marine  
  26  2:55  Factory  
  26  3:02  SCV  
  26  3:05  Marine  
  29  3:07  Marine x2  
  29  3:10  Barracks Reactor  
  30  3:14  SCV  
  31  3:36  SCV, Supply Depot, Marauder  
  31  3:38  Supply Depot  
  31  3:40  SCV  
  35  3:45  Factory Reactor  
  35  3:54  Starport  
  35  3:57  SCV  
  35  4:01  Marine  
  37  4:06  Marine  
  37  4:07  Marine  
  39  4:12  SCV  
  40  4:17  SCV  
  41  4:24  SCV  
  42  4:39  Factory Tech Lab  
  42  4:41  Medivac x2  
  42  4:43  Marine  
  42  4:44  Marauder  
  49  4:46  SCV  
  49  4:47  SCV  
  51  4:58  SCV  
  53  5:00  SCV  
  53  5:03  Supply Depot  
  53  5:04  Supply Depot  
  53  5:05  Marauder  
  55  5:09  Marine  
  55  5:11  SCV  
  57  5:18  Orbital Command  
  57  5:24  SCV  
  57  5:26  Marine x2, Marauder  
  57  5:27  Marine  
  63  5:33  Siege Tank  
  66  5:41  Refinery  
  66  5:57  Orbital Command  
  66  6:00  Marine x4, Marauder  
  72  6:05  Medivac  
  76  6:12  Siege Tank  
  77  6:19  SCV  
  78  6:27  Supply Depot  
  78  6:28  Supply Depot  
  78  6:30  Supply Depot  
  78  6:38  SCV, Marauder  
  81  6:48  Combat Shields  
  81  6:50  Supply Depot  
  81  6:57  Engineering Bay  
  81  6:59  Marauder  
  83  7:04  Engineering Bay  
  83  7:05  Siege Tank  
  86  7:15  SCV  
  86  7:16  SCV, Refinery  
  88  7:27  SCV  
  88  7:28  SCV  
  90  7:49  Marine x2  
  90  7:50  Marine x2, Marauder  
  96  7:53  Command Center  
  96  7:54  Medivac  
  98  8:07  Marine, Stimpack  
  98  8:11  Marauder  
  101  8:27  SCV x2  
  101  8:32  Marauder  
  105  8:35  Terran Infantry Weapons Level 1, Terran Infantry Armor Level 1  
  105  8:39  SCV x2, Marine x3  
  105  8:40  Marine  
  111  8:41  Siege Tank  
  111  8:43  Medivac  
  111  8:44  Medivac  
  118  8:55  Armory  
  118  9:05  Marauder  
  118  9:06  SCV x3  
  123  9:14  Siege Tank  
  126  9:18  SCV x3  
  129  9:26  Medivac  
  129  9:27  Marauder  
  133  9:32  SCV  
  133  9:33  SCV  
  133  9:34  Medivac  
  119  9:46  Siege Tank  
  119  9:48  Marauder  
  94  10:08  Concussive Shells  
  94  10:09  Marauder  
  94  10:21  Marine x2  
  94  10:22  Marine x2  
  94  10:26  Siege Tank  
  101  10:28  Medivac  
  101  10:29  Medivac  
  101  10:31  Marauder  
  107  10:39  Marine x3  
  107  10:40  Marine  
  107  10:41  Terran Infantry Weapons Level 2  
  111  10:45  Terran Infantry Armor Level 2  
  111  10:52  Refinery, Marauder  
  111  10:55  Refinery  
  113  10:57  Marine  
  113  10:58  Siege Tank  
  113  11:01  Marine x3  
  113  11:03  Medivac  
  122  11:14  Marauder  
  122  11:15  Marine, Orbital Command  
  125  11:19  Marine  
  126  11:25  Marine x2  
  126  11:30  Siege Tank, Medivac  
  133  11:41  Marine x2, Medivac  
  133  11:42  Marauder  
  133  11:43  Marine  
  140  11:52  Supply Depot  
  140  11:54  Supply Depot  
  140  11:57  Supply Depot  
  140  12:03  Marauder  
  142  12:15  Supply Depot  
  142  12:16  Supply Depot  
  142  12:20  Supply Depot  
  132  12:24  Marauder  
  122  12:35  Marine x4  
  126  12:46  Marauder  
  126  12:49  Missile Turret  
  128  12:52  Missile Turret  
  128  12:53  Marine x4  
  128  12:54  Missile Turret  
  132  13:07  Marine  
  132  13:10  Marine  
  132  13:11  Marine x3  
  137  13:23  Missile Turret  
  137  13:24  Missile Turret, Marine  
  138  13:28  Marine  
  138  13:29  Marine x3  
  138  13:31  Missile Turret  
  141  13:42  Marine  
  119  13:51  Missile Turret  
  109  14:00  Missile Turret  
  109  14:01  Missile Turret  
  100  14:17  Marine  
  100  14:18  Marine x4  
  101  14:35  Marine x5  
  100  14:53  Marine x5  
  105  15:05  Barracks  
  105  15:07  Barracks  
  105  15:08  Barracks  
  105  15:10  Terran Infantry Armor Level 3, Terran Infantry Weapons Level 3  
  105  15:11  Marine x5  
  110  15:28  Marine  
  110  15:29  Marine x4  
  115  15:46  Marine  
  115  15:47  Marine x4  
  120  15:53  Command Center  
  120  15:58  Marine x3  
  123  16:04  Marine x3  
  123  16:05  Marine x2  
  128  16:16  Marine x3  
  129  16:22  Marine x5  
  126  16:33  Marine  
  126  16:34  Marine x2  
  126  16:36  Medivac x2  
  133  16:40  Marine x5  
  134  16:51  Marine  
  134  16:52  Marine x2  
  130  16:57  Marine  
  130  16:58  Marine x4  
  115  17:09  Marine x3  
  115  17:15  Marine  
  107  17:16  Marine x3  
  107  17:18  Marine  
  104  17:27  Marine x3  
  104  17:33  Marine  
  104  17:34  Marine x3  
  104  17:36  Marine  
  109  17:45  Marine x3  
  109  17:51  Marine x4  
  105  17:54  Marine  
Show
View Real Time Build Order
Export as new Build Order

JPferzen Protoss 

Build Orders:  

Get SALT Encoding   

  12  0:02  Probe (Chrono Boost)  
  13  0:13  Probe (Chrono Boost)  
  14  0:23  Probe (Chrono Boost)  
  15  0:29  Pylon  
  15  0:32  Assimilator  
  15  0:55  Gateway  
  15  0:56  Gateway  
  15  1:07  Forge  
  15  1:12  Probe (Chrono Boost)  
  16  1:22  Probe (Chrono Boost)  
  16  1:23  Pylon  
  17  1:33  Probe (Chrono Boost)  
  18  1:43  Probe (Chrono Boost)  
  19  1:50  Cybernetics Core  
  19  1:57  Photon Cannon  
  19  2:08  Assimilator  
  19  2:09  Probe (Chrono Boost)  
  19  2:14  Warp Gate  
  20  2:20  Probe (Chrono Boost), Photon Cannon  
  21  2:31  Adept  
  21  2:32  Probe (Chrono Boost)  
  24  2:37  Adept  
  26  2:55  Pylon  
  26  2:57  Gateway  
  26  3:03  Adept  
  28  3:15  Photon Cannon  
  28  3:22  Probe (Chrono Boost)  
  29  3:30  Photon Cannon  
  29  3:59  Stalker  
  31  4:07  Nexus  
  31  4:24  Pylon  
  31  4:43  Stalker  
  33  4:53  Pylon  
  33  4:57  Pylon  
  33  4:59  Gateway  
  33  5:02  Robotics Facility  
  33  5:11  Adept x2  
  37  5:23  Stalker  
  37  5:26  Probe (Chrono Boost)  
  37  5:28  Probe (Chrono Boost)  
  41  5:40  Probe (Chrono Boost)  
  42  5:44  Robotics Facility  
  43  5:50  Observer  
  43  5:57  Stalker x2  
  47  6:13  Probe (Chrono Boost)  
  47  6:15  Probe (Chrono Boost)  
  49  6:23  Pylon  
  49  6:24  Probe (Chrono Boost)  
  51  6:27  Probe (Chrono Boost)  
  51  6:32  Adept  
  53  6:34  Probe (Chrono Boost)  
  53  6:39  Probe (Chrono Boost)  
  55  6:45  Probe (Chrono Boost)  
  60  6:47  Immortal  
  60  6:51  Probe (Chrono Boost)  
  61  7:05  Observer  
  62  7:10  Adept  
  62  7:11  Adept x3  
  70  7:26  Immortal  
  70  7:29  Twilight Council  
  74  7:32  Pylon  
  74  7:37  Pylon  
  74  7:46  Assimilator  
  74  7:49  Assimilator  
  74  7:52  Pylon  
  74  7:55  Pylon  
  74  8:08  Stalker x2  
  74  8:09  Stalker x2  
  82  8:35  Stalker x3  
  82  8:36  Stalker  
  90  8:47  Stargate  
  90  8:48  Stargate  
  90  9:05  Zealot x4  
  68  10:03  Stalker x4  
  68  10:04  Void Ray x2  
  80  10:28  Robotics Bay  
  80  10:30  Pylon  
  80  10:35  Blink  
  80  10:47  Void Ray  
  84  10:54  Void Ray  
  88  11:08  Observer  
  89  11:14  Adept  
  89  11:15  Adept x3  
  97  11:30  Void Ray  
  101  11:47  Nexus  
  101  11:54  Void Ray  
  105  12:08  Immortal  
  109  12:55  Adept  
  109  12:56  Adept x3  
  117  12:58  Void Ray x2  
  125  13:44  Void Ray x2  
  65  14:08  Adept  
  65  14:13  Adept x3  
  71  14:27  Void Ray  
  69  14:52  Stalker x3  
  69  14:53  Stalker  
  73  15:06  Templar Archives  
  73  15:14  Dark Shrine  
  73  15:19  Adept x4  
  81  15:53  Nexus  
  35  16:33  Dark Templar x4  
  26  17:07  Stalker x2  
  24  17:54  Archon  
Tags
 
Add a new tag
Caveats
  • Supply blocks, unpowered buildings, or Contaminate may cause inaccurate times.
  • Supply counts are checked every 10 seconds.